Rangers vs Sharks

Created - 27 septembre 2019 at 13:20

Simulating a Pre-Season

Goals
1 2 3 OT1 SO T
Rangers 3 1 0 0 1 5
Sharks 1 2 1 0 0 4
Shots
1 2 3 OT1 SO T
Rangers 13 8 13 1 3 35
Sharks 13 13 10 1 3 37

1st period

1. Rangers , Brayden Schenn 2 (Matt Duchene 5, Matt Niskanen 1) at 1:39
2. Rangers , Nazem Kadri 4 (Jason Zucker 6, Ron Hainsey 3) at 7:38
3. Rangers , Kyle Connor 2 (Matt Duchene 6) at 13:21 (PP)
4. Sharks , Andreas Johnsson 2 (Justin Braun 3, Michael Raffl 1) at 16:13

Penalties :
Darcy Kuemper (SJS) for Delaying the game (Minor) at 12:36 - Justin Braun served the penalty

2nd period

5. Sharks , Teuvo Teravainen 3 (Alex Pietrangelo 1, Jonathan Drouin 3) at 13:08
6. Sharks , Jonathan Drouin 2 (Dylan Larkin 4, Darcy Kuemper) at 16:04 (PP)
7. Rangers , Brayden Schenn 3 (Johan Larsson 2, Ron Hainsey 4) at 19:08

Penalties :
Matt Niskanen (NYR) for Cross-checking (Minor) at 14:53

3rd period

8. Sharks , Jonathan Huberdeau 2 (Tyson Barrie 1, Gabriel Landeskog 5) at 10:34

Penalties :
Mark Borowiecki (SJS) for Elbowing (Minor) at 3:25

Overtime #1

No Goal

Penalties :
Kyle Connor (NYR) for Interference (Minor) at 0:14

Shootout

Rangers, Kyle Connor - Goal!
Sharks, Gabriel Landeskog - Stopped by Philipp Grubauer
Rangers, Paul Byron - Stopped by Darcy Kuemper
Sharks, Dylan Larkin - Stopped by Philipp Grubauer
Rangers, Jason Spezza - Stopped by Darcy Kuemper
Sharks, Jonathan Huberdeau - Shot Misses the Net

Penalties :
No Penalty

Goalie Stats

Philipp Grubauer (NYR), 33 saves from 37 shots - (0,892), W, 5-1-1, 65:00 minutes
Darcy Kuemper (SJS), 31 saves from 35 shots - (0,886), OTL, 4-2-1, 65:00 minutes

Players Stats for Rangers

Player Name              G  A  P  +/- PIM S  H  SB GA TA FO     MP     PP MP  PK MP  
------------------------------------------------------------------------------------
Ben Harpur               0  0  0  -3  0   1  0  0  0  0  0/0    13:15   0:00   1:47 
Brayden Schenn           2  0  2   1  0   3  3  0  0  1  4/4    20:44   1:45   0:00 
Caleb Jones              0  0  0  -3  0   1  1  1  0  1  0/0    13:18   2:10   0:00 
Dan Girardi              0  0  0   1  0   2  2  1  0  2  0/0    24:14   0:34   1:06 
Erik Karlsson            0  0  0   2  0   3  0  5  1  1  0/0    25:57   2:10   0:00 
Jason Garrison           0  0  0   0  0   0  0  0  0  0  0/0     0:00   0:00   0:00 
Jason Spezza             0  0  0  -2  0   2  0  1  0  0  3/4    12:29   0:00   0:00 
Jason Zucker             0  1  1   1  0   7  2  0  2  0  1/3    17:45   0:00   0:00 
Johan Larsson            0  1  1   0  0   3  2  0  0  0  2/5    10:53   0:00   2:00 
Justin Williams          0  0  0   1  0   1  2  1  0  1  2/2    18:15   0:59   0:00 
Kyle Connor              1  0  1   1  2   1  0  0  3  0  0/0    21:05   1:45   0:00 
Matt Duchene             0  2  2   1  0   5  2  0  1  0  22/33  21:08   1:45   0:00 
Matt Niskanen            0  1  1   2  2   0  4  5  0  1  0/0    24:28   0:00   1:08 
Nazem Kadri              1  0  1   1  0   3  1  1  0  0  10/18  18:10   0:59   0:00 
Oskar Sundqvist          0  0  0   0  0   2  1  0  1  0  1/1    10:15   0:00   1:18 
Paul Byron               0  0  0  -2  0   0  3  0  0  0  0/0    14:11   0:59   0:31 
Pierre-Edouard Bellemare 0  0  0   0  0   0  0  0  0  0  0/0     9:09   0:00   0:16 
Ron Hainsey              0  2  2   1  0   0  1  1  0  0  0/0    25:50   0:34   2:19 
Vinnie Hinostroza        0  0  0  -2  0   1  1  1  2  0  0/0    12:45   0:00   0:16 

Players Stats for Sharks

Player Name              G  A  P  +/- PIM S  H  SB GA TA FO     MP     PP MP  PK MP  
------------------------------------------------------------------------------------
Alex Pietrangelo         0  1  1   1  0   4  0  0  0  0  0/0    24:02   1:05   0:54 
Andreas Johnsson         1  0  1   0  0   4  0  0  1  1  0/1    16:57   0:00   0:00 
Boone Jenner             0  0  0   1  0   1  0  0  0  0  0/0    20:09   0:27   1:42 
Colton Sceviour          0  0  0   0  0   0  1  0  0  1  8/20   16:50   0:00   1:39 
Dylan Larkin             0  1  1   0  0   3  2  1  1  1  11/25  20:55   0:44   0:38 
Gabriel Landeskog        0  1  1   0  0   4  3  0  0  0  1/1    20:20   0:44   0:00 
Garret Ross              0  0  0   0  0   0  0  0  0  0  0/0     0:00   0:00   0:00 
Jonathan Drouin          1  1  2   1  0   1  2  1  1  1  0/1    19:13   0:44   0:21 
Jonathan Huberdeau       1  0  1   0  0   1  3  0  2  1  0/0    20:28   0:27   0:30 
Justin Braun             0  1  1   1  0   1  1  0  0  1  0/0    22:25   0:00   1:10 
Kenny Agostino           0  0  0  -1  0   0  0  0  0  0  0/0     6:08   0:00   0:00 
Mark Borowiecki          0  0  0  -1  2   1  0  0  0  0  0/0    17:42   0:00   0:45 
Michael Raffl            0  1  1  -1  0   3  2  0  2  0  1/2    21:06   0:00   0:38 
Mirco Mueller            0  0  0   0  0   0  0  0  0  0  0/0     0:18   0:00   0:18 
Reid Gardiner            0  0  0  -1  0   0  1  0  0  0  1/5     6:08   0:00   0:00 
Shea Theodore            0  0  0  -1  0   3  0  0  0  1  0/0    20:38   1:05   1:50 
Sidney Crosby            0  0  0   0  0   0  0  0  0  0  0/0     0:00   0:00   0:00 
Teuvo Teravainen         1  0  1   1  0   5  2  0  0  0  3/15   19:01   0:27   0:00 
Tyson Barrie             0  1  1   0  0   5  1  2  0  1  0/0    20:41   0:06   0:00 
Zach Werenski            0  0  0   0  0   1  3  4  0  2  0/0    21:48   0:06   0:31 

3 Stars

1 - Brayden Schenn (NYR)
2 - Jonathan Drouin (SJS)
3 - Matt Duchene (NYR)

Power Play

Rangers - 1 on 2 Attempt(s) - 50,00%
Sharks - 1 on 2 Attempt(s) - 50,00%

Penalty Kill

Rangers - 1 on 2 Attempt(s) - 50,00% - Score 0 goal in Penalty Kill
Sharks - 1 on 2 Attempt(s) - 50,00% - Score 0 goal in Penalty Kill

Team Stat

Rangers - Hits : 25 - Faceoff Wins : 45 - Blocked Shots : 17 - Penalty Minutes : 4
Sharks - Hits : 21 - Faceoff Wins : 25 - Blocked Shots : 8 - Penalty Minutes : 4

Official

Referees : Kendrick Nicholson and Dennis LaRue
Linesman : Brandon Gawryletz and Thor Nelson

Game Notes

No Game Note

Rangers

5 vs 5 Forward 
   Center                   Left Wing                Right Wing               Time % Phy DF OF 
 1 Matt Duchene             Kyle Connor              Brayden Schenn           36     0   1  4  
 2 Nazem Kadri              Jason Zucker             Justin Williams          34     0   1  4  
 3 Jason Spezza             Paul Byron               Vinnie Hinostroza        20     0   3  2  
 4 Johan Larsson            Pierre-Edouard Bellemare Oskar Sundqvist          10     0   4  1  

5 vs 5 Defense 
   Defense                  Defense                                           Time % Phy DF OF 
 1 Erik Karlsson            Matt Niskanen                                     40     0   2  3  
 2 Dan Girardi              Ron Hainsey                                       40     0   2  3  
 3 Ben Harpur               Caleb Jones                                       20     0   2  3  
 4 Ben Harpur               Caleb Jones                                       0      1   2  2  

PowerPlay Forward 
   Center                   Left Wing                Right Wing               Time % Phy DF OF 
 1 Matt Duchene             Kyle Connor              Brayden Schenn           60     0   2  3  
 2 Nazem Kadri              Paul Byron               Justin Williams          40     0   2  3  

PowerPlay Defense
   Defense                  Defense                                           Time % Phy DF OF 
 1 Erik Karlsson            Caleb Jones                                       60     0   2  3  
 2 Ron Hainsey              Dan Girardi                                       40     0   2  3  

Penalty Kill 4 Players Forward 
   Center                   Wing                     Time % Phy DF OF 
 1 Johan Larsson            Oskar Sundqvist          60     0   3  2  
 2 Pierre-Edouard Bellemare Vinnie Hinostroza        40     0   3  2  

Penalty Kill 4 Players Defense
   Defense                  Defense                  Time % Phy DF OF 
 1 Matt Niskanen            Ron Hainsey              60     0   3  2  
 2 Ben Harpur               Dan Girardi              40     0   3  2  

Penalty Kill - 3 Players Forward 
   Forward                                           Time % Phy DF OF 
 1 Johan Larsson                                     60     0   3  2  
 2 Oskar Sundqvist                                   40     0   3  2  

Penalty Kill - 3 Players Defense
   Defense                  Defense                  Time % Phy DF OF 
 1 Matt Niskanen            Ron Hainsey              60     0   3  2  
 2 Dan Girardi              Ben Harpur               40     0   3  2  

4 vs 4 Forward 
   Center                   Wing                     Time % Phy DF OF 
 1 Nazem Kadri              Vinnie Hinostroza        60     1   2  2  
 2 Oskar Sundqvist          Paul Byron               40     1   2  2  

4 vs 4 Defense
   Defense                  Defense                  Time % Phy DF OF 
 1 Erik Karlsson            Matt Niskanen            60     1   2  2  
 2 Ron Hainsey              Dan Girardi              40     1   2  2  

Last Minutes Offensive
   Center                   Left Wing                Right Wing               Defense                  Defense                  
   Matt Duchene             Kyle Connor              Brayden Schenn           Erik Karlsson            Matt Niskanen            

Last Minutes Defensive
   Center                   Left Wing                Right Wing               Defense                  Defense                  
   Johan Larsson            Pierre-Edouard Bellemare Oskar Sundqvist          Ben Harpur               Ron Hainsey              

Goaltenders
Starting : Philipp Grubauer         
Backup : Alexandar Georgiev       

Extra Forwards
Normal : Nazem Kadri, Jason Zucker, Jason Spezza - PP : Vinnie Hinostroza, Paul Byron - PK : Paul Byron
Extra Defensemen
Normal : Erik Karlsson, Matt Niskanen, Ron Hainsey - PP : Caleb Jones - PK : Ben Harpur, Dan Girardi
Penalty Shots
Kyle Connor, Paul Byron, Jason Spezza, Caleb Jones, Vinnie Hinostroza
Custom OT Lines Forwards
Matt Duchene, Kyle Connor, Brayden Schenn, Jason Zucker, Nazem Kadri, Justin Williams, Paul Byron, Vinnie Hinostroza, Oskar Sundqvist, Jason Spezza
Custom OT Lines Defensemen
Erik Karlsson, Matt Niskanen, Ron Hainsey, Dan Girardi, Ben Harpur

Scratches
Michael Rasmussen (Healthy), Carter Verhaeghe (Healthy), Alex Nedeljkovic (Healthy)

Sharks

5 vs 5 Forward 
   Center                   Left Wing                Right Wing               Time % Phy DF OF 
 1 Dylan Larkin             Gabriel Landeskog        Jonathan Huberdeau       35     0   1  4  
 2 Teuvo Teravainen         Boone Jenner             Jonathan Drouin          35     0   2  3  
 3 Colton Sceviour          Andreas Johnsson         Michael Raffl            30     0   2  3  
 4 Reid Gardiner            Kenny Agostino           Michael Raffl            0      0   4  1  

5 vs 5 Defense 
   Defense                  Defense                                           Time % Phy DF OF 
 1 Alex Pietrangelo         Justin Braun                                      35     0   2  3  
 2 Zach Werenski            Tyson Barrie                                      35     0   2  3  
 3 Shea Theodore            Mark Borowiecki                                   25     0   3  2  
 4 Mark Borowiecki          Shea Theodore                                     5      0   3  2  

PowerPlay Forward 
   Center                   Left Wing                Right Wing               Time % Phy DF OF 
 1 Dylan Larkin             Gabriel Landeskog        Jonathan Drouin          55     0   0  5  
 2 Teuvo Teravainen         Boone Jenner             Jonathan Huberdeau       45     0   1  4  

PowerPlay Defense
   Defense                  Defense                                           Time % Phy DF OF 
 1 Alex Pietrangelo         Shea Theodore                                     55     0   1  4  
 2 Zach Werenski            Tyson Barrie                                      45     0   1  4  

Penalty Kill 4 Players Forward 
   Center                   Wing                     Time % Phy DF OF 
 1 Colton Sceviour          Boone Jenner             55     0   3  2  
 2 Dylan Larkin             Michael Raffl            45     0   3  2  

Penalty Kill 4 Players Defense
   Defense                  Defense                  Time % Phy DF OF 
 1 Mark Borowiecki          Justin Braun             55     0   4  1  
 2 Zach Werenski            Shea Theodore            45     0   4  1  

Penalty Kill - 3 Players Forward 
   Forward                                           Time % Phy DF OF 
 1 Boone Jenner                                      55     0   5  0  
 2 Colton Sceviour                                   45     0   5  0  

Penalty Kill - 3 Players Defense
   Defense                  Defense                  Time % Phy DF OF 
 1 Alex Pietrangelo         Justin Braun             55     0   5  0  
 2 Zach Werenski            Tyson Barrie             45     0   5  0  

4 vs 4 Forward 
   Center                   Wing                     Time % Phy DF OF 
 1 Gabriel Landeskog        Dylan Larkin             55     0   2  3  
 2 Jonathan Huberdeau       Teuvo Teravainen         45     0   2  3  

4 vs 4 Defense
   Defense                  Defense                  Time % Phy DF OF 
 1 Alex Pietrangelo         Justin Braun             55     0   3  2  
 2 Zach Werenski            Tyson Barrie             45     0   3  2  

Last Minutes Offensive
   Center                   Left Wing                Right Wing               Defense                  Defense                  
   Dylan Larkin             Gabriel Landeskog        Jonathan Huberdeau       Alex Pietrangelo         Justin Braun             

Last Minutes Defensive
   Center                   Left Wing                Right Wing               Defense                  Defense                  
   Dylan Larkin             Gabriel Landeskog        Jonathan Huberdeau       Alex Pietrangelo         Justin Braun             

Goaltenders
Starting : Darcy Kuemper            
Backup : Jake Allen               

Extra Forwards
Normal : Andreas Johnsson, Michael Raffl, Colton Sceviour - PP : Andreas Johnsson, Michael Raffl - PK : Colton Sceviour
Extra Defensemen
Normal : Justin Braun, Shea Theodore, Mark Borowiecki - PP : Alex Pietrangelo - PK : Shea Theodore, Mark Borowiecki
Penalty Shots
Gabriel Landeskog, Dylan Larkin, Jonathan Huberdeau, Teuvo Teravainen, Boone Jenner
Custom OT Lines Forwards
Gabriel Landeskog, Dylan Larkin, Jonathan Huberdeau, Teuvo Teravainen, Boone Jenner, Jonathan Drouin, Andreas Johnsson, Michael Raffl, Colton Sceviour, Reid Gardiner
Custom OT Lines Defensemen
Alex Pietrangelo, Justin Braun, Zach Werenski, Tyson Barrie, Shea Theodore

Scratches
None


% Time on Ice - Rangers

Lines # - Real PCT - Wanted PCT - Time Play
Normal Forward
1 - 32% - 36% - 18:07
2 - 30% - 34% - 16:36
3 - 22% - 20% - 12:29
4 - 16% - 10% - 8:53
Normal Defense
1 - 40% - 40% - 22:19
2 - 40% - 40% - 22:18
3 - 19% - 20% - 10:55
4 - 1% - 0% - 0:33
PP Forward
1 - 64% - 60% - 1:45
2 - 36% - 40% - 0:59
PP Defense
1 - 79% - 60% - 2:10
2 - 21% - 40% - 0:34
PK Forward
1 - 77% - 60% - 0:55
2 - 23% - 40% - 0:16
PK Defense
1 - 100% - 60% - 1:11
2 - 0% - 40% - 0:00
PK3 Forward
1 - 81% - 60% - 1:36
2 - 19% - 40% - 0:23
PK3 Defense
1 - 57% - 60% - 1:08
2 - 43% - 40% - 0:51
44 Forward
1 - 0% - 60%
2 - 0% - 40%
44 Defense
1 - 0% - 60%
2 - 0% - 40%
Last Minute Offensive  - 0:00
Last Minute Defensive  - 0:00
Total
Forward - 61:59
Defense - 61:59

% Time on Ice - Sharks

Lines # - Real PCT - Wanted PCT - Time Play
Normal Forward
1 - 31% - 35% - 17:33
2 - 34% - 35% - 19:17
3 - 23% - 30% - 13:07
4 - 11% - 0% - 6:08
Normal Defense
1 - 35% - 35% - 19:35
2 - 35% - 35% - 19:33
3 - 26% - 25% - 14:28
4 - 4% - 5% - 2:29
PP Forward
1 - 62% - 55% - 0:44
2 - 38% - 45% - 0:27
PP Defense
1 - 92% - 55% - 1:05
2 - 8% - 45% - 0:06
PK Forward
1 - 77% - 55% - 2:06
2 - 23% - 45% - 0:38
PK Defense
1 - 81% - 55% - 2:13
2 - 19% - 45% - 0:31
PK3 Forward
1 - 0% - 55%
2 - 0% - 45%
PK3 Defense
1 - 0% - 55%
2 - 0% - 45%
44 Forward
1 - 66% - 55% - 1:19
2 - 34% - 45% - 0:40
44 Defense
1 - 55% - 55% - 1:05
2 - 45% - 45% - 0:54
Last Minute Offensive  - 0:00
Last Minute Defensive  - 0:00
Total
Forward - 61:59
Defense - 61:59

Play-by-Play

1st period


0:01 of 1st period - Matt Duchene wins face-off versus Dylan Larkin in neutral zone.
0:14 of 1st period - Matt Niskanen is hit by Dylan Larkin and loses puck.
0:27 of 1st period - Teuvo Teravainen is hit by Justin Williams.
1:11 of 1st period - Wrist shot by Dylan Larkin.
1:11 of 1st period - Shot Misses the Net.
1:28 of 1st period - Tyson Barrie is hit by Brayden Schenn and loses puck.
1:33 of 1st period - Slapshot by Matt Duchene.
1:33 of 1st period - Shot Blocked by Zach Werenski.
1:37 of 1st period - Snap shot by Matt Duchene.
1:37 of 1st period - Shot Blocked by Zach Werenski.
1:39 of 1st period - Slapshot by Brayden Schenn.
1:39 of 1st period - Goal by Brayden Schenn - Rangers : 1 - Sharks : 0.
1:40 of 1st period - Teuvo Teravainen wins face-off versus Nazem Kadri in neutral zone.
1:47 of 1st period - Snap shot by Jonathan Drouin.
1:47 of 1st period - Shot Misses the Net.
1:51 of 1st period - Snap shot by Teuvo Teravainen.
1:51 of 1st period - Stopped by Philipp Grubauer with a rebound.
1:53 of 1st period - Wrist shot by Boone Jenner.
1:53 of 1st period - Shot Misses the Net.
2:53 of 1st period - Snap shot by Teuvo Teravainen.
2:53 of 1st period - Stopped by Philipp Grubauer with a rebound.
2:55 of 1st period - Slapshot by Teuvo Teravainen.
2:55 of 1st period - Stopped by Philipp Grubauer without a rebound.
2:56 of 1st period - Justin Williams wins face-off versus Teuvo Teravainen in Rangers zone.
3:03 of 1st period - Mark Borowiecki is hit by Matt Niskanen and loses puck.
3:40 of 1st period - Slapshot by Tyson Barrie.
3:40 of 1st period - Shot Blocked by Erik Karlsson.
3:56 of 1st period - Off-side.
3:57 of 1st period - Dylan Larkin wins face-off versus Jason Spezza in neutral zone.
4:12 of 1st period - Off-side.
4:13 of 1st period - Nazem Kadri wins face-off versus Colton Sceviour in neutral zone.
4:42 of 1st period - Slapshot by Teuvo Teravainen.
4:42 of 1st period - Shot Blocked by Caleb Jones.
5:40 of 1st period - Wrist shot by Nazem Kadri.
5:40 of 1st period - Stopped by Darcy Kuemper without a rebound.
5:41 of 1st period - Teuvo Teravainen wins face-off versus Nazem Kadri in Sharks zone.
6:08 of 1st period - Wrist shot by Jonathan Drouin.
6:08 of 1st period - Shot Misses the Net.
6:30 of 1st period - Snap shot by Paul Byron.
6:30 of 1st period - Shot Misses the Net.
6:32 of 1st period - Slapshot by Ben Harpur.
6:32 of 1st period - Stopped by Darcy Kuemper with a rebound.
6:52 of 1st period - Snap shot by Jason Zucker.
6:52 of 1st period - Stopped by Darcy Kuemper without a rebound.
6:53 of 1st period - Nazem Kadri wins face-off versus Dylan Larkin in Sharks zone.
6:54 of 1st period - Snap shot by Jason Zucker.
6:54 of 1st period - Stopped by Darcy Kuemper with a rebound.
7:06 of 1st period - Slapshot by Jonathan Huberdeau.
7:06 of 1st period - Shot Misses the Net.
7:38 of 1st period - Slapshot by Nazem Kadri.
7:38 of 1st period - Goal by Nazem Kadri - Rangers : 2 - Sharks : 0.
7:39 of 1st period - Dylan Larkin wins face-off versus Matt Duchene in neutral zone.
7:44 of 1st period - Snap shot by Dylan Larkin.
7:44 of 1st period - Stopped by Philipp Grubauer without a rebound.
7:45 of 1st period - Matt Duchene wins face-off versus Dylan Larkin in Rangers zone.
8:14 of 1st period - Justin Braun is hit by Matt Niskanen and loses puck.
8:23 of 1st period - Snap shot by Teuvo Teravainen.
8:23 of 1st period - Shot Blocked by Matt Niskanen.
8:39 of 1st period - Wrist shot by Oskar Sundqvist.
8:39 of 1st period - Stopped by Darcy Kuemper without a rebound.
8:40 of 1st period - Colton Sceviour wins face-off versus Matt Duchene in Sharks zone.
9:05 of 1st period - Zach Werenski is hit by Vinnie Hinostroza and loses puck.
9:30 of 1st period - Slapshot by Justin Williams.
9:30 of 1st period - Shot Misses the Net.
9:48 of 1st period - Snap shot by Andreas Johnsson.
9:48 of 1st period - Stopped by Philipp Grubauer with a rebound.
9:56 of 1st period - Backhand shot by Johan Larsson.
9:56 of 1st period - Shot Misses the Net.
10:18 of 1st period - Slapshot by Teuvo Teravainen.
10:18 of 1st period - Shot Misses the Net.
10:34 of 1st period - Jonathan Huberdeau is hit by Paul Byron.
11:26 of 1st period - Ben Harpur is hit by Tyson Barrie and loses puck.
12:01 of 1st period - Snap shot by Jonathan Drouin.
12:01 of 1st period - Shot Blocked by Matt Niskanen.
12:03 of 1st period - Snap shot by Alex Pietrangelo.
12:03 of 1st period - Stopped by Philipp Grubauer without a rebound.
12:04 of 1st period - Matt Duchene wins face-off versus Teuvo Teravainen in Rangers zone.
12:30 of 1st period - Wrist shot by Paul Byron.
12:30 of 1st period - Shot Misses the Net.
12:36 of 1st period - Snap shot by Vinnie Hinostroza.
12:36 of 1st period - Stopped by Darcy Kuemper without a rebound.
12:36 of 1st period - Minor Penalty to Darcy Kuemper for Delaying the game.
12:37 of 1st period - Matt Duchene wins face-off versus Colton Sceviour in Sharks zone.
12:42 of 1st period - Snap shot by Matt Duchene.
12:42 of 1st period - Stopped by Darcy Kuemper without a rebound.
12:43 of 1st period - Matt Duchene wins face-off versus Colton Sceviour in Sharks zone.
12:55 of 1st period - Snap shot by Shea Theodore.
12:55 of 1st period - Stopped by Philipp Grubauer without a rebound.
12:56 of 1st period - Matt Duchene wins face-off versus Colton Sceviour in Rangers zone.
13:09 of 1st period - Backhand shot by Boone Jenner.
13:09 of 1st period - Stopped by Philipp Grubauer without a rebound.
13:10 of 1st period - Matt Duchene wins face-off versus Colton Sceviour in Rangers zone.
13:17 of 1st period - Snap shot by Matt Duchene.
13:17 of 1st period - Shot Misses the Net.
13:19 of 1st period - Slapshot by Caleb Jones.
13:19 of 1st period - Stopped by Darcy Kuemper without a rebound.
13:20 of 1st period - Matt Duchene wins face-off versus Colton Sceviour in Sharks zone.
13:21 of 1st period - Wrist shot by Kyle Connor.
13:21 of 1st period - Goal by Kyle Connor - Rangers : 3 - Sharks : 0.
13:22 of 1st period - Matt Duchene wins face-off versus Dylan Larkin in neutral zone.
13:39 of 1st period - Wrist shot by Gabriel Landeskog.
13:39 of 1st period - Stopped by Philipp Grubauer with a rebound.
13:56 of 1st period - Icing by Matt Niskanen.
13:57 of 1st period - Nazem Kadri wins face-off versus Teuvo Teravainen in Rangers zone.
14:10 of 1st period - Snap shot by Jonathan Drouin.
14:10 of 1st period - Shot Misses the Net.
14:12 of 1st period - Slapshot by Shea Theodore.
14:12 of 1st period - Shot Blocked by Matt Niskanen.
14:52 of 1st period - Snap shot by Andreas Johnsson.
14:52 of 1st period - Stopped by Philipp Grubauer with a rebound.
14:54 of 1st period - Slapshot by Justin Braun.
14:54 of 1st period - Shot Misses the Net.
15:04 of 1st period - Slapshot by Tyson Barrie.
15:04 of 1st period - Deflect By Matt Niskanen.
15:04 of 1st period - Stopped by Philipp Grubauer without a rebound.
15:05 of 1st period - Matt Duchene wins face-off versus Reid Gardiner in Rangers zone.
15:10 of 1st period - Slapshot by Brayden Schenn.
15:10 of 1st period - Shot Misses the Net.
15:12 of 1st period - Slapshot by Dan Girardi.
15:12 of 1st period - Stopped by Darcy Kuemper without a rebound.
15:13 of 1st period - Dylan Larkin wins face-off versus Matt Duchene in Sharks zone.
15:19 of 1st period - Off-side.
15:20 of 1st period - Dylan Larkin wins face-off versus Jason Zucker in neutral zone.
15:27 of 1st period - Slapshot by Jonathan Huberdeau.
15:27 of 1st period - Shot Misses the Net.
16:09 of 1st period - Wrist shot by Michael Raffl.
16:09 of 1st period - Shot Misses the Net.
16:13 of 1st period - Snap shot by Andreas Johnsson.
16:13 of 1st period - Goal by Andreas Johnsson - Rangers : 3 - Sharks : 1.
16:14 of 1st period - Nazem Kadri wins face-off versus Dylan Larkin in neutral zone.
16:19 of 1st period - Wrist shot by Nazem Kadri.
16:19 of 1st period - Shot Misses the Net.
16:48 of 1st period - Snap shot by Brayden Schenn.
16:48 of 1st period - Shot Misses the Net.
17:34 of 1st period - Dylan Larkin is hit by Oskar Sundqvist and loses puck.
18:02 of 1st period - Slapshot by Matt Duchene.
18:02 of 1st period - Stopped by Darcy Kuemper with a rebound.
18:16 of 1st period - Vinnie Hinostroza is hit by Zach Werenski and loses puck.
18:46 of 1st period - Snap shot by Michael Raffl.
18:46 of 1st period - Stopped by Philipp Grubauer with a rebound.
19:27 of 1st period - Justin Williams is hit by Gabriel Landeskog.
Goals for this period are 3 for Rangers vs 1 for Sharks.
Shots for this period are 13 for Rangers vs 13 for Sharks.

2nd period


0:01 of 2nd period - Colton Sceviour wins face-off versus Matt Duchene in neutral zone.
0:06 of 2nd period - Snap shot by Michael Raffl.
0:06 of 2nd period - Shot Misses the Net.
0:23 of 2nd period - Icing by Alex Pietrangelo.
0:24 of 2nd period - Colton Sceviour wins face-off versus Jason Zucker in Sharks zone.
0:57 of 2nd period - Wrist shot by Jonathan Huberdeau.
0:57 of 2nd period - Deflect By Gabriel Landeskog.
0:57 of 2nd period - Stopped by Philipp Grubauer without a rebound.
0:58 of 2nd period - Nazem Kadri wins face-off versus Colton Sceviour in Rangers zone.
1:23 of 2nd period - Dylan Larkin is hit by Brayden Schenn and loses puck.
2:08 of 2nd period - Boone Jenner is hit by Jason Zucker and loses puck.
2:15 of 2nd period - Slapshot by Jason Zucker.
2:15 of 2nd period - Shot Misses the Net.
3:30 of 2nd period - Slapshot by Michael Raffl.
3:30 of 2nd period - Deflect By Kenny Agostino.
3:30 of 2nd period - Shot Blocked by Erik Karlsson.
3:30 of 2nd period - Puck is out of play.
3:31 of 2nd period - Jason Zucker wins face-off versus Dylan Larkin in Rangers zone.
3:31 of 2nd period - Jason Zucker is hit by Jonathan Huberdeau.
4:02 of 2nd period - Justin Williams is hit by Jonathan Huberdeau and loses puck.
4:13 of 2nd period - Snap shot by Dylan Larkin.
4:13 of 2nd period - Shot Blocked by Erik Karlsson.
4:15 of 2nd period - Snap shot by Dylan Larkin.
4:15 of 2nd period - Stopped by Philipp Grubauer without a rebound.
4:16 of 2nd period - Brayden Schenn wins face-off versus Teuvo Teravainen in Rangers zone.
4:22 of 2nd period - Icing by Tyson Barrie.
4:23 of 2nd period - Matt Duchene wins face-off versus Teuvo Teravainen in Sharks zone.
4:24 of 2nd period - Snap shot by Kyle Connor.
4:24 of 2nd period - Shot Blocked by Tyson Barrie.
4:26 of 2nd period - Snap shot by Brayden Schenn.
4:26 of 2nd period - Shot Misses the Net.
4:28 of 2nd period - Wrist shot by Brayden Schenn.
4:28 of 2nd period - Deflect By Kyle Connor.
4:28 of 2nd period - Shot Blocked by Zach Werenski.
4:28 of 2nd period - Puck is out of play.
4:29 of 2nd period - Matt Duchene wins face-off versus Colton Sceviour in Sharks zone.
4:30 of 2nd period - Snap shot by Brayden Schenn.
4:30 of 2nd period - Shot Misses the Net.
4:32 of 2nd period - Slapshot by Dan Girardi.
4:32 of 2nd period - Stopped by Darcy Kuemper with a rebound.
4:34 of 2nd period - Slapshot by Dan Girardi.
4:34 of 2nd period - Deflect By Kyle Connor.
4:34 of 2nd period - Shot Misses the Net.
4:34 of 2nd period - Puck is out of play.
4:35 of 2nd period - Matt Duchene wins face-off versus Michael Raffl in Sharks zone.
5:06 of 2nd period - Wrist shot by Jason Zucker.
5:06 of 2nd period - Stopped by Darcy Kuemper with a rebound.
5:30 of 2nd period - Snap shot by Oskar Sundqvist.
5:30 of 2nd period - Stopped by Darcy Kuemper without a rebound.
5:31 of 2nd period - Johan Larsson wins face-off versus Colton Sceviour in Sharks zone.
6:01 of 2nd period - Snap shot by Gabriel Landeskog.
6:01 of 2nd period - Stopped by Philipp Grubauer with a rebound.
6:13 of 2nd period - Snap shot by Oskar Sundqvist.
6:13 of 2nd period - Shot Blocked by Tyson Barrie.
6:15 of 2nd period - Wrist shot by Pierre-Edouard Bellemare.
6:15 of 2nd period - Shot Misses the Net.
6:17 of 2nd period - Slapshot by Johan Larsson.
6:17 of 2nd period - Stopped by Darcy Kuemper without a rebound.
6:18 of 2nd period - Brayden Schenn wins face-off versus Teuvo Teravainen in Sharks zone.
6:45 of 2nd period - Colton Sceviour is hit by Justin Williams and loses puck.
7:14 of 2nd period - Wrist shot by Gabriel Landeskog.
7:14 of 2nd period - Shot Misses the Net.
7:31 of 2nd period - Icing by Zach Werenski.
7:32 of 2nd period - Matt Duchene wins face-off versus Reid Gardiner in Sharks zone.
7:59 of 2nd period - Tyson Barrie is hit by Johan Larsson and loses puck.
9:17 of 2nd period - Zach Werenski is hit by Johan Larsson and loses puck.
10:34 of 2nd period - Off-side.
10:35 of 2nd period - Brayden Schenn wins face-off versus Reid Gardiner in neutral zone.
11:01 of 2nd period - Justin Williams is hit by Jonathan Drouin and loses puck.
11:22 of 2nd period - Backhand shot by Gabriel Landeskog.
11:22 of 2nd period - Shot Blocked by Vinnie Hinostroza.
11:24 of 2nd period - Slapshot by Mark Borowiecki.
11:24 of 2nd period - Deflect By Gabriel Landeskog.
11:24 of 2nd period - Shot Blocked by Jason Spezza.
11:24 of 2nd period - Puck is out of play.
11:25 of 2nd period - Jason Spezza wins face-off versus Colton Sceviour in Rangers zone.
11:25 of 2nd period - Jason Spezza is hit by Michael Raffl.
11:56 of 2nd period - Icing by Alex Pietrangelo.
11:57 of 2nd period - Matt Duchene wins face-off versus Teuvo Teravainen in Sharks zone.
12:04 of 2nd period - Matt Duchene is hit by Teuvo Teravainen.
13:04 of 2nd period - Wrist shot by Teuvo Teravainen.
13:04 of 2nd period - Stopped by Philipp Grubauer with a rebound.
13:06 of 2nd period - Slapshot by Teuvo Teravainen.
13:06 of 2nd period - Shot Misses the Net.
13:08 of 2nd period - Snap shot by Teuvo Teravainen.
13:08 of 2nd period - Goal by Teuvo Teravainen - Rangers : 3 - Sharks : 2.
13:09 of 2nd period - Dylan Larkin wins face-off versus Nazem Kadri in neutral zone.
13:12 of 2nd period - Justin Williams is hit by Dylan Larkin and loses puck.
13:21 of 2nd period - Slapshot by Gabriel Landeskog.
13:21 of 2nd period - Shot Blocked by Justin Williams.
13:23 of 2nd period - Snap shot by Tyson Barrie.
13:23 of 2nd period - Shot Blocked by Dan Girardi.
13:35 of 2nd period - Andreas Johnsson is hit by Paul Byron and loses puck.
14:37 of 2nd period - Alex Pietrangelo is hit by Dan Girardi and loses puck.
14:53 of 2nd period - Minor Penalty to Matt Niskanen for Cross-checking.
14:54 of 2nd period - Johan Larsson wins face-off versus Dylan Larkin in Rangers zone.
15:10 of 2nd period - Slapshot by Gabriel Landeskog.
15:10 of 2nd period - Stopped by Philipp Grubauer without a rebound.
15:11 of 2nd period - Teuvo Teravainen wins face-off versus Johan Larsson in Rangers zone.
16:04 of 2nd period - Wrist shot by Jonathan Drouin.
16:04 of 2nd period - Goal by Jonathan Drouin - Rangers : 3 - Sharks : 3.
16:05 of 2nd period - Justin Williams wins face-off versus Dylan Larkin in neutral zone.
16:52 of 2nd period - Backhand shot by Erik Karlsson.
16:52 of 2nd period - Stopped by Darcy Kuemper without a rebound.
16:53 of 2nd period - Colton Sceviour wins face-off versus Nazem Kadri in Sharks zone.
16:58 of 2nd period - Slapshot by Shea Theodore.
16:58 of 2nd period - Deflect By Michael Raffl.
16:58 of 2nd period - Shot Blocked by Nazem Kadri.
16:58 of 2nd period - Puck is out of play.
16:59 of 2nd period - Nazem Kadri wins face-off versus Colton Sceviour in Rangers zone.
17:04 of 2nd period - Snap shot by Justin Williams.
17:04 of 2nd period - Shot Misses the Net.
17:12 of 2nd period - Backhand shot by Michael Raffl.
17:12 of 2nd period - Stopped by Philipp Grubauer with a rebound.
17:14 of 2nd period - Slapshot by Shea Theodore.
17:14 of 2nd period - Shot Blocked by Ron Hainsey.
17:38 of 2nd period - Wrist shot by Jason Zucker.
17:38 of 2nd period - Stopped by Darcy Kuemper with a rebound.
17:52 of 2nd period - Snap shot by Michael Raffl.
17:52 of 2nd period - Stopped by Philipp Grubauer without a rebound.
17:53 of 2nd period - Matt Duchene wins face-off versus Dylan Larkin in Rangers zone.
18:20 of 2nd period - Erik Karlsson is hit by Jonathan Drouin.
18:24 of 2nd period - Snap shot by Jason Spezza.
18:24 of 2nd period - Shot Misses the Net.
18:28 of 2nd period - Snap shot by Vinnie Hinostroza.
18:28 of 2nd period - Shot Misses the Net.
18:44 of 2nd period - Slapshot by Zach Werenski.
18:44 of 2nd period - Stopped by Philipp Grubauer without a rebound.
18:45 of 2nd period - Reid Gardiner wins face-off versus Johan Larsson in Rangers zone.
19:06 of 2nd period - Snap shot by Johan Larsson.
19:06 of 2nd period - Stopped by Darcy Kuemper with a rebound.
19:08 of 2nd period - Snap shot by Brayden Schenn.
19:08 of 2nd period - Goal by Brayden Schenn - Rangers : 4 - Sharks : 3.
19:09 of 2nd period - Dylan Larkin wins face-off versus Matt Duchene in neutral zone.
19:22 of 2nd period - Wrist shot by Jonathan Huberdeau.
19:22 of 2nd period - Shot Misses the Net.
19:24 of 2nd period - Wrist shot by Tyson Barrie.
19:24 of 2nd period - Deflect By Kyle Connor.
19:24 of 2nd period - Stopped by Philipp Grubauer without a rebound.
19:25 of 2nd period - Colton Sceviour wins face-off versus Nazem Kadri in Rangers zone.
19:28 of 2nd period - Slapshot by Alex Pietrangelo.
19:28 of 2nd period - Stopped by Philipp Grubauer with a rebound.
19:30 of 2nd period - Wrist shot by Colton Sceviour.
19:30 of 2nd period - Shot Misses the Net.
19:32 of 2nd period - Slapshot by Alex Pietrangelo.
19:32 of 2nd period - Stopped by Philipp Grubauer with a rebound.
19:34 of 2nd period - Wrist shot by Michael Raffl.
19:34 of 2nd period - Shot Misses the Net.
Goals for this period are 1 for Rangers vs 2 for Sharks.
Shots for this period are 8 for Rangers vs 13 for Sharks.

3rd period


0:01 of 3rd period - Dylan Larkin wins face-off versus Matt Duchene in neutral zone.
0:04 of 3rd period - Snap shot by Tyson Barrie.
0:04 of 3rd period - Stopped by Philipp Grubauer without a rebound.
0:05 of 3rd period - Matt Duchene wins face-off versus Dylan Larkin in Rangers zone.
0:12 of 3rd period - Wrist shot by Erik Karlsson.
0:12 of 3rd period - Shot Blocked by Zach Werenski.
0:14 of 3rd period - Wrist shot by Matt Duchene.
0:14 of 3rd period - Stopped by Darcy Kuemper without a rebound.
0:15 of 3rd period - Dylan Larkin wins face-off versus Matt Duchene in Sharks zone.
0:42 of 3rd period - Justin Williams is hit by Teuvo Teravainen.
1:09 of 3rd period - Slapshot by Erik Karlsson.
1:09 of 3rd period - Deflect By Jason Spezza.
1:09 of 3rd period - Stopped by Darcy Kuemper with a rebound.
1:30 of 3rd period - Snap shot by Johan Larsson.
1:30 of 3rd period - Shot Blocked by Dylan Larkin.
1:44 of 3rd period - Matt Niskanen is hit by Justin Braun and loses puck.
2:05 of 3rd period - Justin Williams is hit by Reid Gardiner and loses puck.
2:27 of 3rd period - Dan Girardi is hit by Zach Werenski and loses puck.
2:42 of 3rd period - Slapshot by Teuvo Teravainen.
2:42 of 3rd period - Shot Misses the Net.
2:54 of 3rd period - Ron Hainsey is hit by Gabriel Landeskog and loses puck.
3:11 of 3rd period - Snap shot by Matt Duchene.
3:11 of 3rd period - Deflect By Brayden Schenn.
3:11 of 3rd period - Stopped by Darcy Kuemper with a rebound.
3:25 of 3rd period - Minor Penalty to Mark Borowiecki for Elbowing.
3:26 of 3rd period - Colton Sceviour wins face-off versus Matt Duchene in Sharks zone.
5:25 of 3rd period - Penalty to Mark Borowiecki is over, Mark Borowiecki is back on ice.
6:24 of 3rd period - Ben Harpur is hit by Zach Werenski and loses puck.
6:37 of 3rd period - Shea Theodore is hit by Nazem Kadri and loses puck.
6:50 of 3rd period - Jason Spezza is hit by Jonathan Huberdeau and loses puck.
7:01 of 3rd period - Slapshot by Tyson Barrie.
7:01 of 3rd period - Deflect By Erik Karlsson.
7:01 of 3rd period - Stopped by Philipp Grubauer without a rebound.
7:02 of 3rd period - Oskar Sundqvist wins face-off versus Reid Gardiner in Rangers zone.
7:07 of 3rd period - Snap shot by Alex Pietrangelo.
7:07 of 3rd period - Stopped by Philipp Grubauer with a rebound.
7:20 of 3rd period - Andreas Johnsson is hit by Caleb Jones and loses puck.
7:31 of 3rd period - Slapshot by Pierre-Edouard Bellemare.
7:31 of 3rd period - Shot Misses the Net.
7:36 of 3rd period - Off-side.
7:37 of 3rd period - Matt Duchene wins face-off versus Teuvo Teravainen in neutral zone.
7:40 of 3rd period - Slapshot by Erik Karlsson.
7:40 of 3rd period - Stopped by Darcy Kuemper without a rebound.
7:41 of 3rd period - Brayden Schenn wins face-off versus Teuvo Teravainen in Sharks zone.
7:54 of 3rd period - Off-side.
7:55 of 3rd period - Nazem Kadri wins face-off versus Dylan Larkin in neutral zone.
8:08 of 3rd period - Wrist shot by Nazem Kadri.
8:08 of 3rd period - Stopped by Darcy Kuemper without a rebound.
8:09 of 3rd period - Matt Duchene wins face-off versus Jonathan Drouin in Sharks zone.
8:14 of 3rd period - Snap shot by Matt Duchene.
8:14 of 3rd period - Stopped by Darcy Kuemper without a rebound.
8:15 of 3rd period - Matt Duchene wins face-off versus Teuvo Teravainen in Sharks zone.
8:27 of 3rd period - Alex Pietrangelo is hit by Brayden Schenn and loses puck.
8:51 of 3rd period - Icing by Dylan Larkin.
8:52 of 3rd period - Dylan Larkin wins face-off versus Matt Duchene in Sharks zone.
8:57 of 3rd period - Jonathan Huberdeau is hit by Ron Hainsey and loses puck.
9:17 of 3rd period - Jonathan Huberdeau is hit by Dan Girardi and loses puck.
9:24 of 3rd period - Slapshot by Justin Braun.
9:24 of 3rd period - Stopped by Philipp Grubauer without a rebound.
9:25 of 3rd period - Michael Raffl wins face-off versus Nazem Kadri in Rangers zone.
9:32 of 3rd period - Slapshot by Tyson Barrie.
9:32 of 3rd period - Deflect By Andreas Johnsson.
9:32 of 3rd period - Shot Blocked by Matt Niskanen.
9:32 of 3rd period - Puck is out of play.
9:33 of 3rd period - Colton Sceviour wins face-off versus Nazem Kadri in Rangers zone.
9:36 of 3rd period - Slapshot by Andreas Johnsson.
9:36 of 3rd period - Stopped by Philipp Grubauer with a rebound.
9:38 of 3rd period - Snap shot by Shea Theodore.
9:38 of 3rd period - Deflect By Nazem Kadri.
9:38 of 3rd period - Stopped by Philipp Grubauer with a rebound.
10:20 of 3rd period - Wrist shot by Jason Spezza.
10:20 of 3rd period - Stopped by Darcy Kuemper without a rebound.
10:21 of 3rd period - Jason Spezza wins face-off versus Dylan Larkin in Sharks zone.
10:28 of 3rd period - Snap shot by Jonathan Huberdeau.
10:28 of 3rd period - Shot Misses the Net.
10:30 of 3rd period - Snap shot by Tyson Barrie.
10:30 of 3rd period - Stopped by Philipp Grubauer with a rebound.
10:32 of 3rd period - Slapshot by Tyson Barrie.
10:32 of 3rd period - Shot Misses the Net.
10:34 of 3rd period - Snap shot by Jonathan Huberdeau.
10:34 of 3rd period - Goal by Jonathan Huberdeau - Rangers : 4 - Sharks : 4.
10:35 of 3rd period - Nazem Kadri wins face-off versus Colton Sceviour in neutral zone.
11:01 of 3rd period - Boone Jenner is hit by Matt Duchene and loses puck.
11:26 of 3rd period - Slapshot by Johan Larsson.
11:26 of 3rd period - Stopped by Darcy Kuemper with a rebound.
12:05 of 3rd period - Snap shot by Jason Zucker.
12:05 of 3rd period - Stopped by Darcy Kuemper with a rebound.
12:07 of 3rd period - Snap shot by Jason Zucker.
12:07 of 3rd period - Stopped by Darcy Kuemper with a rebound.
12:09 of 3rd period - Slapshot by Caleb Jones.
12:09 of 3rd period - Shot Blocked by Jonathan Drouin.
13:47 of 3rd period - Zach Werenski is hit by Matt Niskanen and loses puck.
14:09 of 3rd period - Vinnie Hinostroza is hit by Colton Sceviour and loses puck.
17:32 of 3rd period - Icing by Vinnie Hinostroza.
17:33 of 3rd period - Jason Spezza wins face-off versus Andreas Johnsson in Rangers zone.
17:46 of 3rd period - Colton Sceviour is hit by Paul Byron and loses puck.
17:59 of 3rd period - Colton Sceviour is hit by Matt Niskanen and loses puck.
18:12 of 3rd period - Slapshot by Colton Sceviour.
18:12 of 3rd period - Shot Blocked by Erik Karlsson.
18:14 of 3rd period - Wrist shot by Colton Sceviour.
18:14 of 3rd period - Shot Blocked by Erik Karlsson.
18:16 of 3rd period - Snap shot by Michael Raffl.
18:16 of 3rd period - Shot Misses the Net.
18:48 of 3rd period - Wrist shot by Colton Sceviour.
18:48 of 3rd period - Shot Misses the Net.
18:50 of 3rd period - Slapshot by Mark Borowiecki.
18:50 of 3rd period - Stopped by Philipp Grubauer with a rebound.
18:52 of 3rd period - Slapshot by Mark Borowiecki.
18:52 of 3rd period - Shot Blocked by Matt Niskanen.
18:54 of 3rd period - Slapshot by Shea Theodore.
18:54 of 3rd period - Stopped by Philipp Grubauer without a rebound.
18:55 of 3rd period - Matt Duchene wins face-off versus Dylan Larkin in Rangers zone.
19:18 of 3rd period - Icing by Brayden Schenn.
19:19 of 3rd period - Dylan Larkin wins face-off versus Matt Duchene in Rangers zone.
19:27 of 3rd period - Icing by Dan Girardi.
19:28 of 3rd period - Matt Duchene wins face-off versus Dylan Larkin in Rangers zone.
19:28 of 3rd period - Matt Duchene is hit by Gabriel Landeskog.
19:36 of 3rd period - Snap shot by Matt Duchene.
19:36 of 3rd period - Stopped by Darcy Kuemper without a rebound.
19:37 of 3rd period - Nazem Kadri wins face-off versus Teuvo Teravainen in Sharks zone.
19:38 of 3rd period - Snap shot by Justin Williams.
19:38 of 3rd period - Stopped by Darcy Kuemper without a rebound.
19:39 of 3rd period - Nazem Kadri wins face-off versus Teuvo Teravainen in Sharks zone.
19:50 of 3rd period - Snap shot by Nazem Kadri.
19:50 of 3rd period - Shot Misses the Net.
19:52 of 3rd period - Snap shot by Nazem Kadri.
19:52 of 3rd period - Deflect By Jason Zucker.
19:52 of 3rd period - Stopped by Darcy Kuemper without a rebound.
19:53 of 3rd period - Colton Sceviour wins face-off versus Nazem Kadri in Sharks zone.
Goals for this period are 0 for Rangers vs 1 for Sharks.
Shots for this period are 13 for Rangers vs 10 for Sharks.

Overtime #1


0:01 of 1st overtime period - Dylan Larkin wins face-off versus Matt Duchene in neutral zone.
0:12 of 1st overtime period - Snap shot by Dylan Larkin.
0:12 of 1st overtime period - Stopped by Philipp Grubauer with a rebound.
0:14 of 1st overtime period - Minor Penalty to Kyle Connor for Interference.
0:15 of 1st overtime period - Gabriel Landeskog wins face-off versus Johan Larsson in Rangers zone.
2:04 of 1st overtime period - Ben Harpur is hit by Michael Raffl and loses puck.
2:14 of 1st overtime period - Penalty to Kyle Connor is over, Kyle Connor is back on ice.
2:31 of 1st overtime period - Wrist shot by Matt Duchene.
2:31 of 1st overtime period - Shot Misses the Net.
3:41 of 1st overtime period - Teuvo Teravainen is hit by Jason Zucker and loses puck.
4:25 of 1st overtime period - Andreas Johnsson is hit by Matt Duchene and loses puck.
4:57 of 1st overtime period - Slapshot by Erik Karlsson.
4:57 of 1st overtime period - Stopped by Darcy Kuemper with a rebound.
Goals for this period are 0 for Rangers vs 0 for Sharks.
Shots for this period are 1 for Rangers vs 1 for Sharks.

ShootOut


5:00 of 1st overtime period - Round #1.
5:00 of 1st overtime period - Rangers, Kyle Connor.
5:00 of 1st overtime period - Deke by Kyle Connor.
5:00 of 1st overtime period - Goal by Kyle Connor.
5:00 of 1st overtime period - Sharks, Gabriel Landeskog.
5:00 of 1st overtime period - Snap shot by Gabriel Landeskog.
5:00 of 1st overtime period - Stopped by Philipp Grubauer.
5:00 of 1st overtime period - Round #2.
5:00 of 1st overtime period - Rangers, Paul Byron.
5:00 of 1st overtime period - Snap shot by Paul Byron.
5:00 of 1st overtime period - Stopped by Darcy Kuemper.
5:00 of 1st overtime period - Sharks, Dylan Larkin.
5:00 of 1st overtime period - Wrist shot by Dylan Larkin.
5:00 of 1st overtime period - Stopped by Philipp Grubauer.
5:00 of 1st overtime period - Round #3.
5:00 of 1st overtime period - Rangers, Jason Spezza.
5:00 of 1st overtime period - Snap shot by Jason Spezza.
5:00 of 1st overtime period - Stopped by Darcy Kuemper.
5:00 of 1st overtime period - Sharks, Jonathan Huberdeau.
5:00 of 1st overtime period - Backhand shot by Jonathan Huberdeau.
5:00 of 1st overtime period - Shot Misses the Net.